 Dungeon Crawl Stone Soup version 0.30-b1-2-g02819fbbbe (webtiles) character file.

Game seed: 893272088577360978

343 krest9999 the Poker (level 6, -3/48 HPs)
             Began as a Merfolk Gladiator on Nov 19, 2023.
             Killed from afar by Dowan (15 damage)
             ... with a puff of frost
             ... on level 3 of the Dungeon.
             The game lasted 00:06:53 (2817 turns).

krest9999 the Poker (Merfolk Gladiator)             Turns: 2817, Time: 00:06:54

Health: -3/48      AC:  4    Str: 14    XL:     6   Next: 57%
Magic:  6/6        EV: 14    Int:  7    God:
Gold:   169        SH:  0    Dex: 18    Spells: 5/5 levels left

rFire   . . .        a - +0 trident
rCold   . . .        (no shield)
rNeg    . . .        b - +0 leather armour
rPois   +            c - +0 helmet
rElec   .            i - -3 cloak
rCorr   .            f - +0 pair of gloves
SInv    .            l - +0 pair of boots
Will    .....        (no amulet)
Stlth   ++           r - ring "Deg Getz" {Fly Slay+2}
HPRegen 0.28/turn    s - ring of poison resistance
MPRegen 0.10/turn

%: no passive effects
@: flying
A: (nimble swimmer 2), mertail
a: no special abilities


You were on level 3 of the Dungeon.
You visited 1 branch of the dungeon, and saw 4 of its levels.

You collected 232 gold pieces.
You spent 63 gold pieces at shops.

Inventory:

Hand Weapons
 a - a +0 trident (weapon)
Missiles
 d - 3 throwing nets (quivered)
 e - a javelin
 v - 3 boomerangs
Armour
 b - a +0 leather armour (worn)
 c - a +0 helmet (worn)
 f - a +0 pair of gloves (worn)
 i - a -3 cloak (worn)
 j - a -3 hat
 l - a +0 pair of boots (worn)
Jewellery
 r - the ring "Deg Getz" (left hand) {Fly Slay+2}
   (You found it on level 2 of the Dungeon)

   [ring of flight]

   Slay:      It affects your accuracy & damage with ranged weapons and melee
   (+2).
   Fly:       It grants you flight.
 s - a ring of poison resistance (right hand)
 A - a ring of resist corrosion
Wands
 y - a wand of iceblast (12)
Scrolls
 m - 4 scrolls of identify {unknown}
 n - a scroll of enchant weapon {unknown}
 o - a scroll of brand weapon {unknown}
 t - a scroll of poison {unknown}
 u - a scroll of torment {unknown}
 z - a scroll of amnesia {unknown}
Potions
 g - a potion of ambrosia {unknown}
 h - a potion of attraction {unknown}
 k - 3 potions of heal wounds {unknown}
 p - a potion of flight {unknown}
 q - a potion of resistance {unknown}
 w - a potion of cancellation {unknown}
 x - 2 potions of curing {unknown}


   Skills:
 + Level 3.8 Fighting
 + Level 6.7 Polearms
 * Level 2.9 Throwing
 + Level 1.3 Armour
 + Level 4.9 Dodging
 + Level 1.2 Stealth


You had 5 spell levels left.
You didn't know any spells.
Your spell library was empty.

Dungeon Overview and Level Annotations

Branches:
Dungeon (4/15)
 Temple: D:4-7

Altars:
Hepliaklqana
Uskayaw
Zin
The Shining One

Shops:
D:1 [

Annotations:
D:3 Dowan, Duvessa


Innate Abilities, Weirdness & Mutations

((You are very nimble when in or above water. (Stealth+, EV+, Speed+++)))
Your lower body shifts to a powerful aquatic tail in water.


Message History

No target in view!
No target in view!
Dowan, Brother of Duvessa comes into view.
He is wielding a +0 dagger.
Dowan points at you and mumbles some strange words.
The puff of frost hits you!
Duvessa, Sister of Dowan comes into view.
She is wielding a +0 short sword.
Duvessa shouts!
You see here a +0 war axe.
There is a stone staircase leading up here.
You reach to attack!
Dowan shouts!
You hit Duvessa.
Duvessa is lightly wounded.
You puncture Duvessa!
Duvessa is heavily wounded.
Duvessa hits you with a +0 short sword.
You closely miss Duvessa.
Duvessa is heavily wounded.
Duvessa hits you but does no damage.
You closely miss Duvessa.
Duvessa is heavily wounded.
Duvessa hits you with a +0 short sword!
You hit Duvessa but do no damage.
Duvessa is heavily wounded.
Duvessa hits you with a +0 short sword!
You completely miss Duvessa.
Duvessa is heavily wounded.
Duvessa hits you with a +0 short sword! Duvessa hits you with a +0 short sword.
Dowan hits you with a +0 dagger.
You fly upwards.
There is a stone staircase leading down here.
Duvessa attacks as you move away! Duvessa barely misses you.
Dowan says, "Magic and the sword, together, will defeat you."
Duvessa attacks as you move away! Duvessa hits you with a +0 short sword!
* * * LOW HITPOINT WARNING * * *
Dowan says, "Stay away from my face!"
Dowan attacks as you move away! Dowan barely misses you.
Dowan gestures at you while chanting. The puff of frost hits you!
You die...

# #.#.##.# #.###.#[# #.
###....#.###.###.#.#############.
#................#...............
..##...#####.###.#.##############
.####.## #.# #...# ########## ##
#.# #.# #.#.# #......... #.# #.#
#.#.# #.######## #.# ##.###.#.#
#.# #... #.# #.#...@..# #.# #.##
#.# ##.###..######.# #.# #.# #.#
#..e.>..#.#####.# #.######.#
##.e............# #........#
######.#.####### ########## #.#.#
#.#.# #.#.# #.#.########


You could see Duvessa and Dowan.

Vanquished Creatures
  A phantom (D:4)
  A scorpion (D:4)
  A crimson imp (D:3)
  A sleepcap (D:4)
  Natasha (twice) (D:2)
  A mummy (D:4)
  An adder (D:2)
  2 worms (D:2)
  A dart slug (D:2)
  An orc (D:3)
  9 endoplasms
  4 giant cockroaches
  5 goblins
  8 hobgoblins
  4 jackals (D:1)
  2 quokkas
  6 ball pythons
  3 bats
  A goblin skeleton (D:3)
  2 goblin zombies (D:3)
  7 kobolds
  2 kobold skeletons (D:3)
  3 kobold zombies
  5 orc zombies
  2 rats
75 creatures vanquished.

Notes
Turn   | Place    | Note
-------+----------+-------------------------------------------
     0 | D:1      | krest9999 the Merfolk Gladiator began the quest for the
                  | Orb.
     0 | D:1      | Reached XP level 1. HP: 16/16 MP: 1/1
    86 | D:1      | Reached XP level 2. HP: 23/23 MP: 2/2
   249 | D:1      | Reached XP level 3. HP: 26/28 MP: 3/3
   261 | D:1      | Found Egireopn's Armour Shoppe.
   498 | D:1      | Bought a +0 pair of boots for 63 gold pieces
   541 | D:2      | Noticed Natasha
   560 | D:2      | Killed Natasha
   561 | D:2      | Reached skill level 5 in Polearms
   576 | D:2      | Reached XP level 4. HP: 19/34 MP: 4/4
   748 | D:2      | Identified the ring "Deg Getz" {Fly Slay+2}
   943 | D:2      | Noticed Natasha
   949 | D:2      | Killed Natasha
  1223 | D:3      | Reached XP level 5. HP: 38/41 MP: 5/5
  1245 | D:3      | Found a hide-covered altar of Uskayaw.
  1453 | D:3      | Found a glowing golden altar of the Shining One.
  1488 | D:3      | Reached skill level 6 in Polearms
  1937 | D:4      | Reached skill level 1 in Armour
  1937 | D:4      | Reached XP level 6. HP: 18/47 MP: 6/6
  2076 | D:4      | Reached skill level 1 in Stealth
  2290 | D:4      | Found a glowing silver altar of Zin.
  2297 | D:4      | Found a hazy altar of Hepliaklqana.
  2775 | D:4      | Noticed Dowan
  2778 | D:4      | Noticed Duvessa
  2817 | D:3      | Killed from afar by Dowan

Illustrated notes

Levels and vault maps discovered:
D:1:      heliophobic_arrival_battle_scene, layout_rooms, serial_shops,
          nicolae_shop_scrapyard
D:2:      layout_basic, uniq_natasha
D:3:      layout_loops_ring, lemuel_round_altar, nicolae_tso_besieged_by_evil,
          chequers_mini_garden, serial_bayou_crossing
D:4:      layout_cave_pods, mainiacjoe_overflow_large_starburst,
          minmay_mini_ossuary, uniq_duvessa, uniq_sigmund

Skill      XL: |  1  2  3  4  5  6 |
---------------+-------------------+-----
Polearms       | 5 6 |  6.7
Fighting       | 3 |  3.8
Armour         | 1 |  1.3
Stealth        | 1 |  1.2
Throwing       | |  2.9
Dodging        | |  4.9

Action                     |  1- 3 |  4- 6 || total
---------------------------+-------+-------++-------
  Melee: Trident           |   100 |   164 ||   264
         Punch             |     1 |     3 ||     4
  Throw: Throwing net      |     2 |     3 ||     5
   Stab: Sleeping          |     1 |     4 ||     5
         Held in net/web   |       |     1 ||     1
 Armour: Leather armour    |    20 |    16 ||    36
  Dodge: Dodged            |    69 |    63 ||   132
